 Dungeon Crawl Stone Soup version 0.30.0-5-g1a98f26d00 (webtiles) character file.

Game seed: 8997772022111561527

55093 Pimp the Severer (level 14, 0/126 HPs)
             Began as a Hill Orc Fighter on May 7, 2023.
             Slain by a red devil
             ... wielding a +0 trident
              (2 damage)
             ... on level 5 of the Lair of Beasts on May 8, 2023.
             The game lasted 01:10:36 (20760 turns).

Pimp the Severer (Hill Orc Fighter)                Turns: 20760, Time: 01:10:38

Health: 0/126      AC: 23    Str: 21    XL:     14   Next: 75%
Magic:  22/22      EV: 13    Int: 15    God:
Gold:   409        SH:  9    Dex: 19    Spells: 20/24 levels left

rFire   + + +        P - +7 glaive of Living Cruel Justice {freeze, Will+}
rCold   + . .        (shield currently unavailable)
rNeg    + . .        A - +6 scale mail of Ryudous {Rampage rF+++ rC- Stlth+}
rPois   +            B - +0 helmet "Loddy" {Will+ Int+2}
rElec   +            w - +1 cloak
rCorr   +            (no gloves)
SInv    +            O - +3 pair of seven-league boots {Rampage+∞}
Will    ++++.        p - amulet of reflection
Stlth   +++          q - ring of Giurr {rC+ rN+ Will+ Dex+3 SInv}
HPRegen 0.41/turn    x - +6 ring of intelligence
MPRegen 0.18/turn

%: reflection, rampage+∞
@: mighty, resistant, spiked, hasted, very quick
A: large bone plates 1, agile 1, wild magic 1, noise suppression
a: no special abilities


You were on level 5 of the Lair of Beasts.
You visited 3 branches of the dungeon, and saw 19 of its levels.
You also visited: Volcano.

You collected 2016 gold pieces.
You spent 1607 gold pieces at shops.

Inventory:

Hand Weapons
 a - a +2 spectral war axe
 P - the +7 glaive of Living Cruel Justice (weapon) {freeze, Will+}
   (You bought it in a shop on level 1 of the Orcish Mines)

   Will:      It increases your willpower.
 Y - a +4 war axe of flaming
Missiles
 G - 2 throwing nets (quivered)
Armour
 c - a +0 buckler
 j - the +5 robe "Catiolya" {rF+ MP-9 Int+5}
   (You found it on level 3 of the Dungeon)

   Int:       It affects your intelligence (+5).
   rF:        It protects you from fire.
   MP:        It affects your magic capacity (-9).
 w - a +1 cloak (worn)
 z - a +4 scale mail
 A - the +6 scale mail of Ryudous (worn) {Rampage rF+++ rC- Stlth+}
   (You found it on level 11 of the Dungeon)

   rF:        It renders you almost immune to fire.
   rC:        It makes you vulnerable to cold.
   Rampage:   It bestows one free step when moving towards enemies.
   Stlth:     It makes you more stealthy.
 B - the +0 helmet "Loddy" (worn) {Will+ Int+2}
   (You acquired it on level 4 of the Lair of Beasts)

   Int:       It affects your intelligence (+2).
   Will:      It increases your willpower.
 E - +2 steam dragon scales
 O - the +3 pair of seven-league boots (worn) {Rampage+∞}
   (You bought it in a shop on level 2 of the Orcish Mines)

   Rampage+∞: When moving toward enemies, its wearer moves as far as possible.
 Q - the +4 skin of Zhor {*Englaciate rC+++ SInv}
   (You found it on level 2 of the Lair of Beasts)

   *Englaciate: It radiates cold, occasionally slowing all nearby creatures who
   are not resistant to cold.
   rC:        It renders you almost immune to cold.
   SInv:      It lets you see invisible.
 W - a +0 tower shield
Magical Staves
 H - a staff of fire
Jewellery
 e - a ring of flight
 k - a ring of fire
 p - an amulet of reflection (around neck)
 q - the ring of Giurr (left hand) {rC+ rN+ Will+ Dex+3 SInv}
   (You found it on level 5 of the Dungeon)

   [ring of positive energy]

   Dex:       It affects your dexterity (+3).
   rC:        It protects you from cold.
   rN:        It protects you from negative energy.
   SInv:      It lets you see invisible.
   Will:      It increases your willpower.
 t - a ring of positive energy
 v - an amulet of magic regeneration
 x - a +6 ring of intelligence (right hand)
 F - a +4 ring of protection
 M - a ring of resist corrosion
 R - the ring "Yjycudea" {Fire rPois Will++ Slay-5}
   (You found it on level 3 of the Lair of Beasts)

   [ring of fire]

   It enhances your fire magic.
   Slay:      It affects your accuracy & damage with ranged weapons and melee
   (-5).
   rF:        It protects you from fire.
   rC:        It makes you vulnerable to cold.
   rPois:     It protects you from poison.
   Will:      It greatly increases your willpower.
 S - a +4 ring of protection
 T - a +4 ring of protection
 V - a ring of fire
Wands
 f - a wand of paralysis (2)
 n - a wand of flame (42)
 r - a wand of digging (9)
 s - a wand of polymorph (30)
 U - a wand of roots (8)
Scrolls
 u - 12 scrolls of identify
 y - 3 scrolls of brand weapon
 K - a scroll of poison
Potions
 b - a potion of magic
 g - a potion of resistance
 h - 3 potions of flight
 i - 2 potions of brilliance
 l - a potion of lignification
 C - 2 potions of attraction {unknown}
 I - a potion of ambrosia
 L - 2 potions of cancellation
Miscellaneous
 D - a piece from Xom's chessboard (15/15)


   Skills:
 + Level 12.0 Fighting
 - Level 16.0 Axes
 * Level 11.3 Armour
 - Level 5.5 Dodging
 - Level 4.0 Stealth
 + Level 10.9 Shields
 + Level 5.5 Spellcasting
 + Level 8.3 Fire Magic
 + Level 6.6 Poison Magic
 - Level 2.6 Evocations


You had 20 spell levels left.
You knew the following spells:

 Your Spells              Type           Power      Damage    Failure   Level
a - Sting                 Tmut/Pois      72%        1d6       13%         1
b - Inner Flame           Hex/Fire       21%        N/A       26%         3

Your spell library contained the following spells:

 Spells                   Type           Power      Damage    Failure   Level
 Poisonous Vapours        Pois/Air       36%        N/A       19%         2
 Ignite Poison            Fire/Tmut/Pois 24%        N/A       19%         3
 Olgreb's Toxic Radiance  Pois           31%        N/A       30%         4
 Shock                    Conj/Air       20%        1d4       43%         1
 Static Discharge         Conj/Air       10%        2-3/arc   54%         2
 Sticky Flame             Conj/Fire      21%        2d4       61%         4
 Hailstorm                Conj/Ice       5%         3d4       78%         3
 Portal Projectile        Hex/Tloc       10%        N/A       78%         3
 Swiftness                Air            5%         N/A       78%         3
 Tukima's Dance           Hex            5%         N/A       78%         3
 Airstrike                Air            2%         2d(1-17)  99%         4
 Blade Hands              Tmut           2%         N/A       100%        5
 Iskenderun's Battlesphe  Conj           5%         2d6       100%        5
 Yara's Violent Unravell  Hex/Tmut       2%         3d3       100%        5
 Conjure Ball Lightning   Conj/Air       2%         3x3d6     100%        6
 Iron Shot                Conj/Erth      2%         9d2       100%        6
 Enfeeble                 Hex            2%         N/A       100%        7
 Ignition                 Fire           18%        3d7       100%        8
 Fire Storm               Conj/Fire      10%        8d3       100%        9


Dungeon Overview and Level Annotations

Branches:
Dungeon (12/15)            Temple (0/1) D:4            Lair (5/5) D:8
 Shoals (0/4) Lair:2       Spider (0/4) Lair:2        Slime (0/5) Lair:4
    Orc (2/2) D:11            Elf (0/3) Orc:2       Volcano (visited)

Altars:
Ashenzari
Dithmenos
Elyvilon
Fedhas
Gozag
Hepliaklqana
Kikubaaqudgha
Makhleb
Nemelex Xobeh
Okawaru
Qazlal
Ru
Sif Muna
Trog
Wu Jian
Yredelemnul
The Shining One
Beogh
Jiyva

Shops:
D:3 (   D:7 *   Orc:1 (   Orc:2 =[([

Portals:
Hell: Lair:5
Trove: D:10 (give +2 gold dragon scales)

Annotations:
D:4 2 transporters, mkat's ghost, amateur DrFE
Lair:4 1 runed translucent door


Innate Abilities, Weirdness & Mutations

You are partially covered in large bone plates. (SH +4)
You are agile. (Dex +4, Str/Int -1)
Your spells are a little harder to cast, but a little more powerful.
You passively dampen the noise of your surroundings.


Message History

The orange demon stings you but does no damage.
You barely miss the sixfirhy. You block the sixfirhy's attack.
The sixfirhy hits you but does no damage.
You block the sixfirhy's attack.
The sixfirhy hits you but does no damage.
The red devil barely misses you. The smoke demon gestures at you.
Something smites you! The red devil closely misses you.
The orange demon stings you but does no damage.
The sixfirhy hits you but does no damage.
The red devil hits you from afar with a +0 trident!
Barbed spikes become lodged in your body.
The orange demon barely misses you. The smoke demon gestures at you.
Something smites you!
Okay, then.
Sorry, you're not good enough to have a special ability.
Unknown command.
Throw: boomerang (disperse)
Press: ? - help, Q - select action, (/) - cycle Shift-Dir - straight line, f - sixfirhy
Aim: a sixfirhy (38% to hit)
You throw a boomerang of dispersal.
The boomerang of dispersal barely misses the sixfirhy.
The boomerang of dispersal hits the orange demon and shatters, but does no damage.
You block the sixfirhy's attack. The sixfirhy closely misses you.
The sixfirhy hits you. The sixfirhy shocks you. You resist.
* * * LOW HITPOINT WARNING * * *
The smoke demon gestures at you. Something smites you!
* * * LOW HITPOINT WARNING * * *
The orange demon stings you but does no damage.
The red devil hits you but does no damage.
Okay, then.
It was a potion of haste.
You feel yourself speed up. The smoke demon gestures at you.
Something smites you!
* * * LOW HITPOINT WARNING * * *
You block the orange demon's attack.
The red devil hits you from afar with a +0 trident.
You die...

######### §≈§§§≈≈≈≈
≈≈≈≈≈≈≈≈#############
≈≈≈≈≈§§..3.#........#
♣
≈§....§..h4#.)8.8...#
♣♣
∩....§§..443@..#.8..#
♣.
≈........44#..#.8...#
♣.
≈§≈.......h#...8.#..#
♣♣
############..8.#...#
♣ +...8.8..#
#........#♣
#########'♣♣♣♣♣
♣♣♣.♣♣.♣♣ ♣.†.....♣♣


You could see an orange demon, an ice devil, a sixfirhy, a smoke demon, 3 red
devils and a hell hound.

Vanquished Creatures
  An orc warlord (Orc:2)
  Snorg (D:10)
  Fannar (Lair:2)
  Harold (D:11)
  5 hydras (Lair:5)
  A catoblepas (Lair:5)
  13 death yaks
  2 boulder beetles
  An orc high priest (Orc:2)
  Nergalle (Orc:1)
  2 skysharks
  4 skeletal warriors
  A fire crab (Lair:5)
  A wizard (Lair:5)
  2 anaconda skeletons (Volcano)
  2 orc sorcerers (Orc:2)
  An ugly thing (D:11)
  A cyclops (D:11)
  A slime creature (D:12)
  A black mamba (Lair:5)
  11 elephants
  Maurice (D:12)
  11 cane toads
  2 torpor snails
  3 gargoyles (Volcano)
  7 rime drakes
  5 komodo dragons
  3 trolls
  3 polar bears
  Prince Ribbit (D:8)
  5 blink frogs (Lair:4)
  6 dream sheep (Lair:5)
  4 wraiths
  3 flying skulls (Volcano)
  6 wyverns
  17 yaks
  7 basilisks
  2 steam dragons (D:9)
  Grum (D:8)
  2 wargs (Orc:2)
  Edmund (D:5)
  2 acid dragons
  16 water moccasins
  A hell hound (Lair:5)
  A sky beast (D:7)
  A swamp drake (D:11)
  30 orc warriors
  3 black bears
  8 wolves
  7 ogres
  3 centaurs
  A phantom (D:5)
  Blork the orc (D:5)
  7 bullfrogs
  2 kobold brigands (D:7)
  2 gnoll sergeants (D:10)
  3 scorpions
  5 killer bees (D:7)
  A troll skeleton (Volcano)
  8 howler monkeys
  6 electric eels
  A spriggan skeleton (Volcano)
  4 hounds
  20 orc priests
  A gnoll bouda (D:6)
  A sleepcap (D:6)
  Terence (D:2)
  An iguana (D:5)
  33 orc wizards
  2 hell rats (Lair:1)
  A naga skeleton (Volcano)
  8 adders
  12 gnolls
  8 river rats (Lair:1)
  A white imp (D:5)
  An ufetubus (D:5)
  3 worms
  92 orcs
  3 bats (D:1)
  12 endoplasms
  A giant cockroach (D:4)
  4 goblins
  4 hobgoblins
  6 jackals
  17 kobolds
  4 quokkas (D:1)
  10 ball pythons
  A frilled lizard (D:2)
  9 rats
513 creatures vanquished.

Vanquished Creatures (others)
  10 spectral weapons
10 creatures vanquished.

Grand Total: 523 creatures vanquished

Notes
Turn   | Place    | Note
-------+----------+-------------------------------------------
     0 | D:1      | Pimp the Hill Orc Fighter began the quest for the Orb.
     0 | D:1      | Reached XP level 1. HP: 19/19 MP: 1/1
   163 | D:1      | Reached skill level 3 in Axes
   248 | D:1      | Reached XP level 2. HP: 26/27 MP: 2/2
   655 | D:1      | Reached XP level 3. HP: 27/33 MP: 3/3
  1080 | D:2      | Noticed Terence
  1090 | D:2      | Killed Terence
  1091 | D:2      | Reached skill level 4 in Axes
  1091 | D:2      | Reached XP level 4. HP: 34/40 MP: 4/4
  1779 | D:3      | Reached skill level 1 in Dodging
  1857 | D:3      | Identified the +5 robe "Catiolya" {rF+ MP-9 Int+5}
  1864 | D:3      | Found Amonel's Weapon Emporium.
  1946 | D:3      | Found an ornate altar of the Wu Jian Council.
  1950 | D:3      | Gained mutation: You are somewhat resistant to further
                  | mutation. [potion of mutation]
  1951 | D:3      | Lost mutation: You are somewhat resistant to further
                  | mutation. [potion of mutation]
  1951 | D:3      | Gained mutation: Your body sometimes deteriorates upon
                  | taking damage. [potion of mutation]
  1951 | D:3      | Gained mutation: You passively map a small area around you.
                  | [potion of mutation]
  1951 | D:3      | Gained mutation: Your spells are a little harder to cast,
                  | but a little more powerful. [potion of mutation]
  1951 | D:3      | Gained mutation: You have a pair of small horns on your
                  | head. [potion of mutation]
  2011 | D:3      | Found an ancient bone altar of Kikubaaqudgha.
  2095 | D:3      | Found an iron altar of Okawaru.
  2133 | D:3      | Reached XP level 5. HP: 46/46 MP: 5/5
  2257 | D:4      | Found a transporter.
  2261 | D:4      | Noticed mkat's ghost (amateur DrFE)
  2278 | D:4      | Noticed an ogre
  2280 | D:4      | Noticed an ogre
  2281 | D:4      | Found a transporter.
  2420 | D:4      | Reached skill level 5 in Axes
  2446 | D:4      | Found a staircase to the Ecumenical Temple.
  2478 | D:4      | Found a basalt altar of Yredelemnul.
  2782 | D:5      | Entered Level 5 of the Dungeon
  2800 | D:5      | Noticed Blork the orc
  2807 | D:5      | Killed Blork the orc
  2808 | D:5      | Reached XP level 6. HP: 40/52 MP: 0/6
  2810 | D:5      | Reached skill level 6 in Axes
  2974 | D:5      | Noticed Edmund
  3053 | D:5      | Killed Edmund
  3054 | D:5      | Reached skill level 7 in Axes
  3054 | D:5      | Reached skill level 1 in Stealth
  3054 | D:5      | Reached XP level 7. HP: 27/60 MP: 0/7
  3282 | D:5      | Found a sacrificial altar of Ru.
  3312 | D:5      | Found a blossoming altar of Fedhas.
  3393 | D:5      | Identified the ring of Giurr {rC+ rN+ Will+ Dex+3 SInv}
  3492 | D:5      | Found a glowing golden altar of the Shining One.
  3585 | D:6      | Reached skill level 5 in Fighting
  3585 | D:6      | Reached skill level 8 in Axes
  3955 | D:6      | Found a shimmering blue altar of Sif Muna.
  4060 | D:6      | Found a stormy altar of Qazlal.
  4185 | D:6      | Reached XP level 8. HP: 68/68 MP: 0/8
  4686 | D:6      | Reached skill level 9 in Axes
  4966 | D:7      | Found a sparkling altar of Nemelex Xobeh.
  5140 | D:8      | Noticed a yak
  5140 | D:8      | Noticed a yak
  5140 | D:8      | Noticed a yak
  5143 | D:7      | Found Ytohobl Guph's General Store.
  5160 | D:7      | Reached skill level 10 in Axes
  5160 | D:7      | Reached skill level 5 in Shields
  5160 | D:7      | Reached XP level 9. HP: 33/75 MP: 0/9
  5265 | D:7      | Bought a scroll of enchant weapon for 112 gold pieces
  5657 | D:7      | Reached skill level 1 in Evocations
  5675 | D:7      | Found a shadowy altar of Dithmenos.
  5772 | D:8      | Reached skill level 11 in Axes
  5783 | D:8      | Reached XP level 10. HP: 19/84 MP: 1/10
  5796 | D:8      | Reached skill level 12 in Axes
  6012 | D:8      | Found a staircase to the Lair.
  6047 | D:8      | Noticed Grum
  6066 | D:8      | Killed Grum
  6353 | D:8      | Reached skill level 5 in Dodging
  6661 | D:8      | Noticed Prince Ribbit
  6675 | D:8      | Killed Prince Ribbit
  6770 | D:8      | Found a bloodstained altar of Trog.
  6988 | D:9      | Reached skill level 13 in Axes
  7523 | D:9      | Learned a level 1 spell: Sting
  7527 | D:9      | Learned a level 3 spell: Inner Flame
  7705 | D:10     | Entered Level 10 of the Dungeon
  7756 | D:10     | Found a hazy altar of Hepliaklqana.
  7879 | D:10     | Noticed Snorg
  7880 | D:10     | Found a portal to a secret trove of treasure.
  7896 | D:10     | Killed Snorg
  7897 | D:10     | Reached skill level 1 in Fire Magic
  7897 | D:10     | Reached skill level 1 in Poison Magic
  7897 | D:10     | Reached XP level 11. HP: 29/94 MP: 1/12
  8149 | D:10     | Reached skill level 1 in Spellcasting
  8227 | D:10     | Reached skill level 5 in Armour
  8288 | D:10     | Found a white marble altar of Elyvilon.
  8296 | D:10     | Found an opulent altar of Gozag.
  8380 | D:10     | Upgraded the game from 0.30.0-3-ga4e48a9924 to
                  | 0.30.0-5-g1a98f26d00
  8574 | D:10     | Found a broken altar of Ashenzari.
  8747 | D:11     | Noticed a cyclops
  8749 | D:11     | Noticed Harold
  8872 | D:11     | Killed Harold
  8881 | D:11     | Killed a cyclops
  9181 | D:11     | Noticed a white ugly thing
  9195 | D:11     | Killed a white ugly thing
  9412 | D:11     | Identified the +6 scale mail of Ryudous {Rampage rF+++ rC-
                  | Stlth+}
  9597 | D:11     | Found a staircase to the Orcish Mines.
 10489 | D:12     | Reached skill level 14 in Axes
 10613 | D:12     | Noticed a skeletal warrior
 10645 | D:12     | Killed a skeletal warrior
 10745 | D:12     | Noticed a skeletal warrior
 10748 | D:12     | Noticed a skeletal warrior
 10748 | D:12     | Noticed a skeletal warrior
 10748 | D:12     | Noticed a skeletal warrior
 10753 | D:12     | Killed a skeletal warrior
 11006 | D:12     | Noticed Maurice
 11014 | D:12     | Killed Maurice
 11131 | Orc:1    | Entered Level 1 of the Orcish Mines
 11131 | Orc:1    | Found a roughly hewn altar of Beogh.
 11240 | Orc:1    | Noticed Nergalle
 11251 | Orc:1    | Killed Nergalle
 11252 | Orc:1    | Reached XP level 12. HP: 104/104 MP: 15/15
 11297 | Orc:1    | Found Dacved's Antique Weapon Shop.
 11692 | Orc:2    | Entered Level 2 of the Orcish Mines
 11972 | Orc:2    | Noticed an orc warlord
 11984 | Orc:2    | Killed an orc warlord
 12342 | Orc:2    | Reached skill level 5 in Fire Magic
 12377 | Orc:2    | Found a roughly hewn altar of Beogh.
 12396 | Orc:2    | Found a staircase to the Elven Halls.
 12487 | Orc:2    | Noticed an orc high priest
 12495 | Orc:2    | Killed an orc high priest
 12515 | Orc:2    | Found Qanaf's Antique Weapon Shoppe.
 12518 | Orc:2    | Found Byithet's Antique Armour Emporium.
 12520 | Orc:2    | Found a roughly hewn altar of Beogh.
 12651 | Orc:2    | Bought the +3 pair of seven-league boots {Rampage+∞} for
                  | 880 gold pieces
 12651 | Orc:2    | Found the +3 pair of seven-league boots {Rampage+∞}
 12738 | Orc:2    | Reached skill level 10 in Fighting
 12889 | Orc:2    | Found a roughly hewn altar of Beogh.
 12964 | Orc:2    | Found a roughly hewn altar of Beogh.
 12966 | Orc:2    | Found Niare's Antique Armour Shop.
 13123 | Orc:2    | Found a roughly hewn altar of Beogh.
 13128 | Orc:2    | Found Huasch's Jewellery Shop.
 13179 | Orc:2    | Found a roughly hewn altar of Beogh.
 13398 | Orc:1    | Bought a slimy glaive for 414 gold pieces
 13398 | Orc:1    | Identified the +7 glaive of Living Cruel Justice {freeze,
                  | Will+} (You bought it in a shop on level 1 of the Orcish
                  | Mines)
 13550 | Lair:1   | Entered Level 1 of the Lair of Beasts
 13687 | Lair:1   | Found a dark tunnel.
 13697 | Volcano  | Entered a volcano
 13778 | Volcano  | HP: 5/106 [anaconda skeleton (10)]
 14248 | Volcano  | Reached skill level 15 in Axes
 14248 | Volcano  | Reached XP level 13. HP: 113/113 MP: 18/18
 15264 | Lair:1   | Lost mutation: You passively map a small area around you.
                  | [potion of mutation]
 15264 | Lair:1   | Lost mutation: You have a pair of small horns on your head.
                  | [potion of mutation]
 15264 | Lair:1   | Gained mutation: You are agile. (Dex +4, Str/Int -1)
                  | [potion of mutation]
 15264 | Lair:1   | Gained mutation: Your spells are harder to cast, but more
                  | powerful. [potion of mutation]
 15265 | Lair:1   | Lost mutation: Your body sometimes deteriorates upon taking
                  | damage. [potion of mutation]
 15265 | Lair:1   | Lost mutation: You are agile. (Dex +4, Str/Int -1) [potion
                  | of mutation]
 15265 | Lair:1   | Lost mutation: Your spells are harder to cast, but more
                  | powerful. [potion of mutation]
 15265 | Lair:1   | Gained mutation: You are agile. (Dex +4, Str/Int -1)
                  | [potion of mutation]
 15265 | Lair:1   | Gained mutation: You passively dampen the noise of your
                  | surroundings. [potion of mutation]
 15265 | Lair:1   | Gained mutation: You are partially covered in large bone
                  | plates. (SH +4) [potion of mutation]
 15327 | Lair:2   | Found the +4 skin of Zhor {*Englaciate rC+++ SInv}
 15430 | Lair:2   | Found a hole to the Spider Nest.
 15500 | Lair:2   | Noticed Fannar
 15511 | Lair:2   | Killed Fannar
 15512 | Lair:2   | Reached skill level 5 in Poison Magic
 15662 | Lair:2   | Found a staircase to the Shoals.
 16330 | Lair:3   | Identified the ring "Yjycudea" {Fire rPois Will++ Slay-5}
 16997 | Lair:4   | Reached skill level 10 in Shields
 17187 | Lair:4   | Found a runed translucent door.
 17187 | Lair:4   | Noticed an azure jelly
 17526 | Lair:4   | Found a viscous altar of Jiyva.
 17526 | Lair:4   | Found a staircase to the Slime Pits.
 17526 | Lair:4   | Noticed an azure jelly
 17526 | Lair:4   | Noticed an azure jelly
 17559 | Lair:4   | Reached XP level 14. HP: 124/124 MP: 21/21
 17966 | Lair:5   | Entered Level 5 of the Lair of Beasts
 17997 | Lair:5   | Reached skill level 10 in Armour
 18435 | Orc:2    | Bought a glowing war axe for 201 gold pieces
 18846 | Lair:5   | Reached skill level 5 in Spellcasting
 19614 | Lair:5   | Reached skill level 16 in Axes
 19931 | Lair:4   | Identified a scroll of acquirement
 20252 | Lair:5   | Acquired the +0 helmet "Loddy" {Will+ Int+2}
 20259 | Lair:5   | Acquired the Spellbook of the Harmful Snowflakes
 20732 | Lair:5   | Found a burning altar of Makhleb.
 20745 | Lair:5   | Found a gateway to Hell.
 20760 | Lair:5   | HP: 2/126 [smoke demon/divine providence (16)]
 20760 | Lair:5   | Slain by a red devil

Illustrated notes

Levels and vault maps discovered:
D:1:      lemuel_arrival_hallway, layout_loops_ring, minmay_misc_feat_tower
D:2:      layout_loops_cross, roderic_lattice_a, nicolae_underground_beach,
          uniq_terence
D:3:      layout_rooms, lemuel_tele_altar, mainiacjoe_overflow_alcove_4,
          nicolae_kikubaaqudgha_miasma_corner, serial_shops,
          nicolae_shop_hallway_stairs
D:4:      layout_cave_pools, overflow_temple_1_default,
          minmay_temple_entry_statues_fountains, gammafunk_ghost_smash,
          kennysheep_pointless_box
D:5:      layout_rooms, mainiacjoe_overflow_boulevard, lemuel_doored_altar,
          nicolae_tso_swordbearing_angel, uniq_edmund, uniq_blork_the_orc
D:6:      layout_basic, mainiacjoe_overflow_alcove_2,
          nicolae_sif_muna_condensation, nicolae_grassy_gnolls
D:7:      layout_rooms, nemelex_dance_club_becter, grunt_dithmenos_smoke,
          serial_shops, shop
D:8:      layout_loops_ring, kennysheep_mini, minmay_lair_entry_grove,
          uniq_grum, uniq_prince_ribbit1
D:9:      layout_loops_ring, grunt_decor_junction
D:10:     layout_roguey, nicolae_hepliaklqana_hippocampus,
          nicolae_ashenzari_skybound, nicolae_overflow_squiral, enter_trove_1,
          uniq_snorg
D:11:     layout_basic, erik_orc_1, uniq_harold
D:12:     layout_irregular_city, serial_shops, nicolae_shop_waterfront,
          uniq_maurice
Lair:1:   layout_loops_ring, enter_volcano_2, kennysheep_rathole,
          grunt_megastairs_1
Lair:2:   layout_regular_city, elwin_shoals_entry_rocks,
          spider_nest_entry_web_field, small_statue_intersection,
          chequers_serial_rivers_micro_e, hellmonk_guarded_unrand_zhor,
          uniq_fannar
Lair:3:   layout_hall_layers, st_stairs_6, serial_bayou_shore_a
Lair:4:   layout_regular_city, slime_entry_2, infiniplex_staircase_pool_2
Lair:5:   evil_forest, layout_long_grid, grunt_megastairs_3
Orc:1:    layout_caves, basic_altar, serial_shops,
          nicolae_shop_advertising_works [nicolae_subvault_shop_adworks],
          uniq_nergalle
Orc:2:    grunt_orc_community_town_hall, layout_caves,
          grunt_orc_community_big_house_1, grunt_orc_community_big_house_2,
          grunt_orc_community_house_3, grunt_orc_community_house_3,
          grunt_orc_community_house_2, grunt_orc_community_house_2,
          grunt_orc_community_house_3, grunt_orc_community_house_2,
          statue_in_the_mist_lemuel

Skill      XL: |  1  2  3  4  5  6  7  8  9 10 11 12 13 14 |
---------------+-------------------------------------------+-----
Axes           | 3 4 5 7 8 10 11 13 14 15 16 | 16.0
Armour         | 4 6 7 9 11 | 11.3
Dodging        | 1 2 3 4 5 |  5.5
Fighting       | 4 5 6 8 9 10 11 12 | 12.0
Stealth        | 1 2 3 4 |  4.0
Shields        | 4 5 6 7 8 9 10 | 10.9
Evocations     | 2 |  2.6
Fire Magic     | 1 4 5 7 8 |  8.3
Poison Magic   | 1 3 4 5 6 |  6.6
Spellcasting   | 2 3 4 5 |  5.5

Action                     |  1- 3 |  4- 6 |  7- 9 | 10-12 | 13-15 || total
---------------------------+-------+-------+-------+-------+-------++-------
  Melee: War axe           |    81 |   104 |   167 |   524 |   491 ||  1367
         Headbutt          |       |     5 |    30 |   126 |    15 ||   176
         Glaive            |       |       |       |    14 |     7 ||    21
  Throw: Boomerang         |       |       |       |       |     1 ||     1
  Evoke: Wand              |       |       |    12 |     1 |       ||    13
    Use: Scroll            |     4 |     8 |     9 |    11 |    11 ||    43
         Potion            |     1 |     2 |    13 |    11 |     9 ||    36
   Stab: Distracted        |       |     1 |     1 |    11 |     8 ||    21
         Invisible         |       |       |     2 |     4 |       ||     6
         Sleeping          |       |       |       |       |     4 ||     4
 Armour: Scale mail        |    45 |    14 |       |    97 |   153 ||   309
         Robe              |       |    15 |    54 |    37 |       ||   106
  Dodge: Dodged            |    47 |    55 |   110 |   158 |   158 ||   528
  Block: Buckler           |    25 |    23 |    63 |   198 |   282 ||   591
         Reflection        |       |       |       |    10 |     2 ||    12
         Other             |       |       |       |     8 |    15 ||    23
